[Event "*** SCC Grand Prix: Titled Tuesday Blitz"]
[Site "Chess.com"]
[Date "2020.10.06"]
[Round "7"]
[White "vanea_03"]
[Black "Mikhail_Golubev"]
[Result "1/2-1/2"]
[WhiteElo "2689"]
[BlackElo "2522"]
[TimeControl "180+1"]
[EndTime "11:15:48 PDT"]
[Termination "Game drawn by repetition"]

1. c4 g6 2. d4 Bg7 3. e4 d6 4. Nc3 Nf6 5. Nge2 Nbd7 6. Ng3 h5 7. Be2 h4 8. Nf1 e5 9. d5 a5 10. Be3 Nc5 11. Nd2 Nh5 12. g3 Nf6 13. g4 Nh7 14. Na4 Nxa4 15. Qxa4+ Bd7 16. Qa3 b6 17. h3 Bf6 18.
Nf3 Ng5 19. Nd2 Nh7 20. Nf3 Ng5 21. Nd2 Nh7 1/2-1/2

[Event "*** SCC Grand Prix: Titled Tuesday Blitz"]
[Site "Chess.com"]
[Date "2020.10.06"]
[Round "7"]
[White "blitzking1729"]
[Black "Tooweak2slow03"]
[Result "1-0"]
[WhiteElo "2558"]
[BlackElo "2764"]
[TimeControl "180+1"]
[EndTime "11:15:52 PDT"]
[Termination "blitzking1729 won by resignation"]

1. d4 e6 2. Nf3 f5 3. Bg5 Be7 4. Bxe7 Qxe7 5. Nbd2 Nf6 6. e3 b6 7. Bd3 Bb7 8. O-O O-O 9. Qe2 Ne4 10. Ne1 d6 11. f3 Nxd2 12. Qxd2 Nd7 13. c4 e5 14. Nc2 Rae8 15. Rae1 c5 16. d5 Nf6 17. Bxf5 Nxd5 18. Bxh7+ Kxh7 19. cxd5 e4 20. f4 Rf5 21. Rd1 Rxd5 22.
Qe2 Rxd1 23. Rxd1 d5 24. Na3 Qf6 25. Qh5+ Qh6 26. Qxe8 Qh4 27. Qd7 Ba6 28. Qh3 1-0

[Event "*** SCC Grand Prix: Titled Tuesday Blitz"]
[Site "Chess.com"]
[Date "2020.10.06"]
[Round "7"]
[White "ThePatrick27"]
[Black "Grandelicious"]
[Result "0-1"]
[WhiteElo "2550"]
[BlackElo "2785"]
[TimeControl "180+1"]
[EndTime "11:16:07 PDT"]
[Termination "Grandelicious won by resignation"]

1. d4 d5 2. c4 e6 3. Nf3 a6 4. cxd5 exd5 5. Nc3 h6 6. Bf4 Nf6 7. h3 Bd6 8. Bxd6 Qxd6 9. e3 Bf5 10. Bd3 Bxd3 11. Qxd3 Nbd7 12. Rc1 O-O 13. O-O Rfe8 14. b4 c6 15. a3 b5 16. Nb1 Nb6 17. Ne5 Nc4 18. f4 Ne4 19. Rf3 f6 20. Nxc4 bxc4 21. Qc2 a5 22. bxa5 Rxa5 23. f5 Rb8 24. Nc3 Nxc3 25.
Qxc3 Qxa3 26. Qe1 Rab5 27. e4 Qxc1 28. Qxc1 Rb1 0-1

[Event "*** SCC Grand Prix: Titled Tuesday Blitz"]
[Site "Chess.com"]
[Date "2020.10.06"]
[Round "7"]
[White "crescentmoon2411"]
[Black "chessplayer9919"]
[Result "1-0"]
[WhiteElo "2800"]
[BlackElo "2614"]
[TimeControl "180+1"]
[EndTime "11:16:14 PDT"]
[Termination "crescentmoon2411 won by resignation"]

1. d4 Nf6 2. c4 c5 3. d5 b5 4. cxb5 a6 5. bxa6 g6 6. Nc3 Bg7 7. Nf3 O-O 8. e4 Qa5 9. Bd2 Bxa6 10. Bxa6 Qxa6 11. Qe2 d6 12. Qxa6 Nxa6 13. Ke2 Rfb8 14. Rab1 Nb4 15. a3 Nc2 16. Kd3 Nd4 17. Be3 Ng4 18.
Nxd4 cxd4 19. Bxd4 Bxd4 20. Kxd4 Nxf2 21. Rhc1 Rb3 22.
h3 Ra4+ 23. Nxa4 1-0

[Event "*** SCC Grand Prix: Titled Tuesday Blitz"]
[Site "Chess.com"]
[Date "2020.10.06"]
[Round "7"]
[White "RestartingChess"]
[Black "narutosmith"]
[Result "1-0"]
[WhiteElo "2487"]
[BlackElo "2235"]
[TimeControl "180+1"]
[EndTime "11:16:18 PDT"]
[Termination "RestartingChess won on time"]

1. e4 c5 2. Nf3 Nc6 3. b4 cxb4 4. d4 d5 5. exd5 Qxd5 6. c4 bxc3 7. Nxc3 Qa5 8. Rb1 Qxc3+ 9. Bd2 Qa3 10. d5 Nb8 11.
Bb5+ Bd7 12. Qc2 Na6 13. Bxd7+ Kxd7 14. Rxb7+ Kd8 15. Ne5 Nh6 16. Qc6 Qd6 17. Rd7+ 1-0

[Event "*** SCC Grand Prix: Titled Tuesday Blitz"]
[Site "Chess.com"]
[Date "2020.10.06"]
[Round "7"]
[White "MasterSonnevanck23"]
[Black "IMAghasiyevKamal"]
[Result "1-0"]
[WhiteElo "2367"]
[BlackElo "2474"]
[TimeControl "180+1"]
[EndTime "11:16:27 PDT"]
[Termination "MasterSonnevanck23 won by resignation"]

1. d4 Nf6 2. c4 e6 3. Nf3 d5 4. Nc3 Be7 5. e3 O-O 6. Bd3 a6 7. b3 c5 8. O-O cxd4 9. exd4 dxc4 10. bxc4 Nc6 11. Bb2 b6 12. Qe2 Bb7 13. Rad1 Rc8 14. d5 exd5 15. cxd5 Nb4 16. Bb1 a5 17. Ne4 Re8 18.
d6 Nxe4 19. d7 Bc5 20. dxe8=Q+ Qxe8 21. Nd4 Nf6 22. Qxe8+ Rxe8 23. Nf5 Nbd5 24. Rfe1 Rc8 25. Bxf6 gxf6 26. Be4 Rd8 27. Bxd5 Bxd5 28. Rxd5 Rxd5 29. Re8+ Bf8 30. Ne7+ Kg7 31. Nxd5 1-0

[Event "*** SCC Grand Prix: Titled Tuesday Blitz"]
[Site "Chess.com"]
[Date "2020.10.06"]
[Round "7"]
[White "kinga2008"]
[Black "Colombiano07"]
[Result "1-0"]
[WhiteElo "2149"]
[BlackElo "2305"]
[TimeControl "180+1"]
[EndTime "11:16:28 PDT"]
[Termination "kinga2008 won by checkmate"]

1. e4 e6 2. d4 d5 3. Nc3 Nf6 4.
exd5 exd5 5. Nf3 c6 6. Be2 Be7 7. O-O O-O 8. Bg5 Bf5 9. Bxf6 Bxf6 10. Bd3 Bg6 11. Re1 Nd7 12. Ne2 Qb6 13. b3 Rfe8 14. c3 Re7 15. Nf4 Rae8 16. Rxe7 Rxe7 17. Qc2 Nf8 18.
h4 Qc7 19. Nxg6 hxg6 20. h5 gxh5 21. c4 Qf4 22. cxd5 Bxd4 23. Rd1 Bb6 24. dxc6 Rc7 25. Be4 h4 26. Rd8 Rxc6 27. Bh7+ Kh8 28. Rxf8# 1-0

[Event "*** SCC Grand Prix: Titled Tuesday Blitz"]
[Site "Chess.com"]
[Date "2020.10.06"]
[Round "7"]
[White "Carnivoras"]
[Black "KarstenHansch"]
[Result "1-0"]
[WhiteElo "2680"]
[BlackElo "2496"]
[TimeControl "180+1"]
[EndTime "11:16:33 PDT"]
[Termination "Carnivoras won by resignation"]

1. d4 d5 2. Nf3 e6 3. Bf4 Nf6 4. e3 Bd6 5. Nbd2 b6 6. Bd3 Ba6 7. O-O O-O 8. Ne5 Bxd3 9. cxd3 Nfd7 10. Rc1 f6 11. Nc6 Nxc6 12. Bxd6 cxd6 13. Rxc6 Nc5 14.
dxc5 dxc5 15. b4 Qd7 16. b5 Rfb8 17. Qg4 f5 18. Qf4 Rb7 19. Nf3 a6 20. a4 axb5 21. axb5 Ra5 22. Qe5 Rxb5 23. Rxe6 1-0

[Event "*** SCC Grand Prix: Titled Tuesday Blitz"]
[Site "Chess.com"]
[Date "2020.10.06"]
[Round "7"]
[White "tlomigtlis"]
[Black "Playgood28"]
[Result "1-0"]
[WhiteElo "2485"]
[BlackElo "2302"]
[TimeControl "180+1"]
[EndTime "11:16:36 PDT"]
[Termination "tlomigtlis won by resignation"]

1. d4 f5 2. c4 Nf6 3. Nc3 g6 4. g3 d6 5. Bg2 Bg7 6. Nf3 O-O 7. O-O c6 8. b3 Qc7 9. Ba3 Re8 10. Qd3 e5 11. dxe5 dxe5 12. Bd6 e4 13. Bxc7 exd3 14. exd3 Ng4 15. d4 Na6 16. Bf4 h6 17. h4 Nb4 18.
Rad1 c5 19. Nb5 cxd4 20. Nc7 Be6 21. Nxa8 Rxa8 22. Nxd4 Bf7 23. Bxb7 Re8 24. a3 Re7 25. axb4 Rxb7 26. b5 Ne5 27. Bxe5 Bxe5 28. Nc6 Bc3 29. Nd8 Rc7 30. Nxf7 Kxf7 31. Rd8 1-0

[Event "*** SCC Grand Prix: Titled Tuesday Blitz"]
[Site "Chess.com"]
[Date "2020.10.06"]
[Round "7"]
[White "Viaje"]
[Black "26andrej26"]
[Result "0-1"]
[WhiteElo "2387"]
[BlackElo "2541"]
[TimeControl "180+1"]
[EndTime "11:16:37 PDT"]
[Termination "26andrej26 won by resignation"]

1. d4 Nf6 2. c4 g6 3. Nc3 Bg7 4.
e4 d6 5. Be2 O-O 6. Nf3 e5 7.
O-O Nc6 8. d5 Ne7 9. Ne1 Nd7 10.
f3 f5 11. g4 Kh8 12. g5 Ng8 13. Kg2 h6 14. h4 f4 15. Nd3 hxg5 16. Rh1 gxh4 17. Qg1 g5 18. Kf1 Nh6 19. Bd2 Rg8 20.
c5 Bf8 21. cxd6 Bxd6 22. Nb5 Nf6 23. Nxd6 cxd6 24. Rc1 Nh5 25. Ke1 Ng3 26. Rh2 Rg7 27.
Kd1 Kg8 28. Qe1 g4 29. fxg4 Nxe2 30. Rxh4 Nxc1 31. Kxc1 Nxg4 32. Qh1 Qc7+ 33. Kb1 Rh7 34. Bc3 Qe7 35. Rh5 Bd7 36. a4 Rf8 0-1

[Event "*** SCC Grand Prix: Titled Tuesday Blitz"]
[Site "Chess.com"]
[Date "2020.10.06"]
[Round "7"]
[White "bratkoo"]
[Black "UmarovSabir"]
[Result "0-1"]
[WhiteElo "2536"]
[BlackElo "2380"]
[TimeControl "180+1"]
[EndTime "11:16:37 PDT"]
[Termination "UmarovSabir won by resignation"]

1. h3 g6 2. g4 Bg7 3. Bg2 d5 4. d3 c6 5. Nf3 e5 6. Nbd2 h5 7. gxh5 Rxh5 8. e4 Ne7 9. exd5 Nxd5 10. Nc4 b5 11. Ne3 Nf4 12. Bf1 Bxh3 13. Bxh3 Rxh3 14. Rxh3 Nxh3 15. c4 Nf4 16. d4 exd4 17. Ng4 Qe7+ 18.
Kf1 Ne6 19. cxb5 cxb5 20. Qd3 Qc5 21. Qe4 Qc6 22. Nd2 Qxe4 23. Nxe4 f5 24. Ngf6+ Kf7 0-1

[Event "*** SCC Grand Prix: Titled Tuesday Blitz"]
[Site "Chess.com"]
[Date "2020.10.06"]
[Round "7"]
[White "Larina_Marija"]
[Black "Alexander_Moskalenko"]
[Result "0-1"]
[WhiteElo "2249"]
[BlackElo "2818"]
[TimeControl "180+1"]
[EndTime "11:16:44 PDT"]
[Termination "Alexander_Moskalenko won by resignation"]

1. e4 c5 2. Nc3 d6 3. d4 cxd4 4. Qxd4 Nc6 5. Qd2 g6 6. b3 Bh6 7. f4 f5 8. Bb2 Nf6 9. Bd3 O-O 10. Nge2 Ne5 11. O-O-O Nxd3+ 12. cxd3 Bd7 13. g3 Rc8 14. Kb1 b5 15. Nd4 a6 16. Rde1 e5 17. Nf3 a5 18.
Ng5 b4 19. Nd5 Nxd5 20. exd5 Bxg5 21. fxg5 Qb6 22. h4 a4 23. h5 Be8 24. hxg6 Bxg6 25. Rh6 axb3 26. axb3 Qa5 27. Reh1 Ra8 28. Qh2 Qa2+ 29.
Kc2 Rfc8+ 30. Kd1 Qb1+ 31. Ke2 Qxb2+ 0-1

[Event "*** SCC Grand Prix: Titled Tuesday Blitz"]
[Site "Chess.com"]
[Date "2020.10.06"]
[Round "7"]
[White "BJthechessgod"]
[Black "IngOscarArdila"]
[Result "1-0"]
[WhiteElo "2289"]
[BlackElo "2121"]
[TimeControl "180+1"]
[EndTime "11:16:46 PDT"]
[Termination "BJthechessgod won by checkmate"]

1. e4 e5 2. Nf3 Nc6 3. Bc4 Bc5 4. c3 Nf6 5. d3 d6 6. O-O Be6 7. Nbd2 Bxc4 8. Nxc4 O-O 9. Bg5 h6 10. Bh4 Qe7 11. Ne3 Qe6 12. d4 exd4 13. cxd4 Nxd4 14. Nxd4 Bxd4 15. Qxd4 g5 16. Bg3 Nxe4 17. Rae1 Nxg3 18. fxg3 Rae8 19. Ng4 Qxe1 20. Nf6+ Kg7 21. Nxe8+ Kg6 22.
Qg7+ Kh5 23. Nf6# 1-0

[Event "*** SCC Grand Prix: Titled Tuesday Blitz"]
[Site "Chess.com"]
[Date "2020.10.06"]
[Round "7"]
[White "alejanchess73"]
[Black "Iskusnyh"]
[Result "0-1"]
[WhiteElo "2426"]
[BlackElo "2569"]
[TimeControl "180+1"]
[EndTime "11:16:49 PDT"]
[Termination "Iskusnyh won by resignation"]

1. d4 d5 2. c4 c6 3. Nc3 Nf6 4. cxd5 cxd5 5. Bf4 Nc6 6. Nf3 a6 7. e3 Bg4 8. Be2 e6 9. h3 Bxf3 10. Bxf3 Bd6 11. Bxd6 Qxd6 12. O-O O-O 13. Rc1 Rfc8 14.
Na4 Nd7 15. a3 Rc7 16. b4 Rac8 17. Qd2 g6 18. Be2 Ncb8 19. Rxc7 Qxc7 20. Nc5 a5 21. Nxd7 Nxd7 22. bxa5 Nf6 23. Rb1 Ne4 24. Qb4 Qc2 25. Qe1 Nc3 26. Rxb7 Nxe2+ 27. Kh1 Qa2 28. Kh2 Nc3 29.
a6 Qxa3 30. a7 Ne4 31. Rb8 Qd6+ 32. g3 Rxb8 0-1

[Event "*** SCC Grand Prix: Titled Tuesday Blitz"]
[Site "Chess.com"]
[Date "2020.10.06"]
[Round "7"]
[White "Kaslask"]
[Black "MoreChessJulia"]
[Result "0-1"]
[WhiteElo "2317"]
[BlackElo "1982"]
[TimeControl "180+1"]
[EndTime "11:16:55 PDT"]
[Termination "MoreChessJulia won by resignation"]

1. d4 g6 2. c4 Bg7 3. Nc3 c5 4. d5 Bxc3+ 5. bxc3 f5 6. e4 fxe4 7. f3 e3 8. Bxe3 Nf6 9. Qc2 d6 10. Bd3 Nbd7 11. Bxg6+ hxg6 12. Qxg6+ Kf8 13. Bh6+ Rxh6 14.
Qxh6+ Kf7 15. Nh3 Qg8 16. Ng5+ Ke8 17. Ne6 Ne5 18. Nc7+ Kd8 19. Nxa8 Qxg2 20. O-O-O Qxa2 21. Qh8+ Ne8 22. Nc7 Kxc7 23. Qxe8 Bf5 24. Qxe7+ Nd7 25.
Qe4 Bxe4 26. fxe4 Qxc4 27. h4 Qxc3+ 28. Kb1 Nb6 29. e5 Nc4 30. exd6+ Kxd6 31. Rh2 Qb3+ 32. Ka1 Qxd1+ 0-1

[Event "*** SCC Grand Prix: Titled Tuesday Blitz"]
[Site "Chess.com"]
[Date "2020.10.06"]
[Round "7"]
[White "Fh2411"]
[Black "KiranManisha"]
[Result "0-1"]
[WhiteElo "2507"]
[BlackElo "2382"]
[TimeControl "180+1"]
[EndTime "11:16:56 PDT"]
[Termination "KiranManisha won by resignation"]

1. d4 Nf6 2. Nf3 g6 3. Bg5 Bg7 4. e3 d5 5. Nbd2 O-O 6. Bd3 c5 7.
c3 Nc6 8. O-O Re8 9. Ne5 Qb6 10.
Rb1 Nd7 11. Nxd7 Bxd7 12. Bh4 e5 13. dxc5 Qxc5 14. e4 Be6 15. Nb3 Qb6 16. Qe2 d4 17. Kh1 Rac8 18. cxd4 Bxb3 19. axb3 Nxd4 20. Qe3 Qxb3 21.
f4 exf4 22. Rxf4 Bh6 23. Rbf1 Ne6 24. g3 Nxf4 25. gxf4 Bg7 26. Qe2 Qxb2 0-1

[Event "*** SCC Grand Prix: Titled Tuesday Blitz"]
[Site "Chess.com"]
[Date "2020.10.06"]
[Round "7"]
[White "jacky72"]
[Black "PowerThinking2650"]
[Result "0-1"]
[WhiteElo "2561"]
[BlackElo "2404"]
[TimeControl "180+1"]
[EndTime "11:16:58 PDT"]
[Termination "PowerThinking2650 won by checkmate"]

1. d4 Nf6 2. Nf3 g6 3. c4 Bg7 4. Nc3 O-O 5. e4 d6 6. Be2 e5 7. d5 a5 8. Be3 Ng4 9. Bg5 f6 10.
Bd2 f5 11. O-O f4 12. Ne1 Nf6 13. f3 g5 14. Nd3 h5 15. c5 g4 16. cxd6 cxd6 17.
Rc1 Na6 18. a4 Bh6 19. Nb5 Kh7 20. Qe1 Rg8 21. Bxa5 b6 22. Bb4 g3 23. Bxd6 Nxe4 24. fxe4 Qh4 25. h3 Bxh3 26. Be7 Bg5 27. Bxg5 Rxg5 28.
Rxf4 exf4 29. Qf1 Bg4 30. Qxf4 Qh2+ 31. Kf1 Qh1# 0-1

[Event "*** SCC Grand Prix: Titled Tuesday Blitz"]
[Site "Chess.com"]
[Date "2020.10.06"]
[Round "7"]
[White "vinniethepooh"]
[Black "Forantes"]
[Result "1-0"]
[WhiteElo "2569"]
[BlackElo "2423"]
[TimeControl "180+1"]
[EndTime "11:16:59 PDT"]
[Termination "vinniethepooh won by resignation"]

1. d4 Nf6 2. c4 g6 3. Nc3 d5 4. cxd5 Nxd5 5. Bd2 Bg7 6. e4 Nb6 7. Be3 O-O 8. Bb5 Nc6 9. Nge2 e5 10. d5 Ne7 11.
O-O f5 12. f3 c6 13. dxc6 Nxc6 14. Qb3+ Kh8 15. Rad1 Qe7 16. Nd5 Nxd5 17. exd5 Nd8 18. d6 Qh4 19. d7 a6 20. Qc4 axb5 21. Qxh4 1-0

[Event "*** SCC Grand Prix: Titled Tuesday Blitz"]
[Site "Chess.com"]
[Date "2020.10.06"]
[Round "7"]
[White "amatatanav"]
[Black "SophieNikoladze"]
[Result "0-1"]
[WhiteElo "2374"]
[BlackElo "2282"]
[TimeControl "180+1"]
[EndTime "11:17:08 PDT"]
[Termination "SophieNikoladze won on time"]

1. e4 d6 2. d4 Nf6 3. Nc3 Nbd7 4. f4 e5 5. Nf3 Be7 6. fxe5 dxe5 7. dxe5 Ng4 8. e6 fxe6 9. Nd4 Nde5 10. Be2 O-O 11. Nf3 Bh4+ 12. Nxh4 Qxh4+ 13. g3 Qh3 14. Bf1 Qh5 15.
Be2 Qg6 16. Bf4 Rxf4 17. gxf4 Ne3 18. Qd3 Ng2+ 19. Kd2 Nxd3 20. Kxd3 Nxf4+ 0-1

[Event "*** SCC Grand Prix: Titled Tuesday Blitz"]
[Site "Chess.com"]
[Date "2020.10.06"]
[Round "7"]
[White "Sven_Tica"]
[Black "Onischuk_V"]
[Result "0-1"]
[WhiteElo "2647"]
[BlackElo "2854"]
[TimeControl "180+1"]
[EndTime "11:17:10 PDT"]
[Termination "Onischuk_V won by resignation"]

1. d4 g6 2. Nf3 Bg7 3. g3 d6 4. Bg2 Nf6 5. O-O O-O 6. b3 b5 7. Ne1 c6 8. a4 b4 9. Nd3 a5 10. Nd2 Nd5 11. Bb2 Nc3 12. Bxc3 bxc3 13. Nf3 Qb6 14. e3 Ba6 15. Re1 c5 16. dxc5 dxc5 17. Nfe5 Ra7 18. Qg4 Qc7 19. Nc4 Nc6 20. Rad1 h5 21.
Qe4 Nb4 22. Nde5 Bb7 23. Qf4 Bxg2 24. Kxg2 Nxc2 25. Re2 Nb4 26. Rd7 Qb8 27. Rxa7 Qxa7 28. Re1 Qa8+ 29. f3 c2 30. e4 Qd8 31. Rc1 Qd1 32. h4 Na2 0-1

[Event "*** SCC Grand Prix: Titled Tuesday Blitz"]
[Site "Chess.com"]
[Date "2020.10.06"]
[Round "7"]
[White "ChessSkool"]
[Black "TimofeevAr"]
[Result "1-0"]
[WhiteElo "2720"]
[BlackElo "2829"]
[TimeControl "180+1"]
[EndTime "11:17:15 PDT"]
[Termination "ChessSkool won by resignation"]

1. c4 e6 2. g3 d5 3. Bg2 c6 4.
Qc2 g6 5. Nf3 Bg7 6. O-O Ne7 7. d4 O-O 8. Rd1 Nf5 9. Nc3 Nd6 10.
c5 Nf5 11. Bg5 f6 12. Bc1 b6 13. e4 Ne7 14. b4 a5 15. b5 bxc5 16. dxc5 e5 17.
exd5 cxd5 18. Nxd5 Nxd5 19. Ng5 fxg5 20. Bxd5+ Kh8 21. Bxa8 Qe7 22. Be3 Bf5 23. Be4 Nd7 24. c6 1-0

[Event "*** SCC Grand Prix: Titled Tuesday Blitz"]
[Site "Chess.com"]
[Date "2020.10.06"]
[Round "7"]
[White "PawnEatingZombie"]
[Black "shriyanasmallya"]
[Result "1-0"]
[WhiteElo "2196"]
[BlackElo "1624"]
[TimeControl "180+1"]
[EndTime "11:17:15 PDT"]
[Termination "PawnEatingZombie won by resignation"]

1. d4 d5 2. c4 e6 3. Nc3 Nf6 4. cxd5 Be7 5. dxe6 Bxe6 6. e4 Bb4 7. Bd3 Bxc3+ 8. bxc3 O-O 9. Nf3 h6 10. O-O Bg4 11. Be3 Bxf3 12. Qxf3 c6 13. Rab1 b6 14. c4 Nbd7 15. Rbd1 Qe7 16. e5 Nh7 17. Qf5 g6 18. Qe4 h5 19. f4 c5 20. d5 f5 21. Qf3 Kh8 22. h3 g5 23. e6 Ndf6 24. fxg5 Ne4 25. Bxe4 fxe4 26. Qxe4 Nxg5 27. Qe5+ Kh7 28. Bxg5 Rxf1+ 29. Rxf1 Qe8 30. Rf7+ Qxf7 31. exf7 1-0

[Event "*** SCC Grand Prix: Titled Tuesday Blitz"]
[Site "Chess.com"]
[Date "2020.10.06"]
[Round "7"]
[White "GoltsevDmitry2000"]
[Black "arminmusovic"]
[Result "0-1"]
[WhiteElo "2689"]
[BlackElo "2541"]
[TimeControl "180+1"]
[EndTime "11:17:17 PDT"]
[Termination "arminmusovic won by resignation"]

1. e4 c6 2. e5 d5 3. exd6 exd6 4.
d4 d5 5. Bd3 Nf6 6. Nf3 Bd6 7.
O-O h6 8. h3 O-O 9. Re1 Re8 10.
Nbd2 Nbd7 11. Nf1 Nf8 12. Ne3 Be6 13. Nf5 Ng6 14. Nxd6 Qxd6 15. Bxg6 fxg6 16. Ne5 Bf7 17. Qd3 Re6 18. Bf4 Rae8 19. Re3 g5 20. Bh2 Qb4 21. c3 Qxb2 22. Rb1 Qxa2 23. Rxb7 Qa1+ 24. Rb1 Qa3 25. f4 gxf4 26. Bxf4 Nh5 27. Bh2 Bg6 28. Qd1 Bxb1 29. Qxh5 Qc1+ 30. Kf2 Rf8+ 31. Rf3 Qd2+ 32. Kf1 Bd3+ 33. Nxd3 Qxd3+ 34. Kf2 Qe3+ 35. Kg3 Rxf3+ 36. gxf3 Qg5+ 37. Qxg5 hxg5 38. Kg4 a5 39. Kf5 Kf7 40. f4 a4 41. fxg5 a3 42. h4 a2 43. h5 g6+ 44.
hxg6+ Rxg6 0-1

[Event "*** SCC Grand Prix: Titled Tuesday Blitz"]
[Site "Chess.com"]
[Date "2020.10.06"]
[Round "7"]
[White "FMalexhdez"]
[Black "AttackSparrow"]
[Result "0-1"]
[WhiteElo "2265"]
[BlackElo "2388"]
[TimeControl "180+1"]
[EndTime "11:17:19 PDT"]
[Termination "AttackSparrow won by resignation"]

1. e4 c5 2. Nf3 e6 3. d4 cxd4 4. Nxd4 Nc6 5. c4 Nf6 6. Nc3 Bb4 7. Nxc6 bxc6 8. Bd3 e5 9. O-O a5 10. Bg5 h6 11.
Bh4 g5 12. Bg3 d6 13. Qc2 Bc5 14. Na4 Bd4 15. c5 h5 16. h4 Ng4 17. cxd6 gxh4 18.
Bh2 h3 19. Nc5 hxg2 20. Kxg2 Nxh2 21. d7+ Bxd7 22. Nxd7 Qg5+ 23. Kxh2 Qh4+ 24. Kg2 Rg8+ 0-1

[Event "*** SCC Grand Prix: Titled Tuesday Blitz"]
[Site "Chess.com"]
[Date "2020.10.06"]
[Round "7"]
[White "Loy_Konstantin"]
[Black "LubovMarkelova"]
[Result "1-0"]
[WhiteElo "2361"]
[BlackElo "2221"]
[TimeControl "180+1"]
[EndTime "11:17:20 PDT"]
[Termination "Loy_Konstantin won by resignation"]

1. e4 e6 2. d3 d5 3. Nd2 c5 4. Ngf3 Nc6 5. g3 Bd6 6. Bg2 Nge7 7. O-O O-O 8. Nh4 d4 9. f4 e5 10. a4 f6 11. Nc4 Be6 12. b3 b6 13.
f5 Bf7 14. g4 a6 15. g5 Qd7 16.
Nxb6 Qc7 17. Nxa8 Rxa8 18. gxf6 gxf6 19. Kh1 Kf8 20. Bf3 Ke8 21. Bh5 Nd8 22. Rg1 Kd7 23. Bxf7 Nxf7 24. Qh5 Nd8 25. Qxh7 Nc6 26. Bd2 Nb4 27.
Bxb4 cxb4 28. Rg2 Qc3 29. Rag1 Rc8 30. Qf7 1-0

[Event "*** SCC Grand Prix: Titled Tuesday Blitz"]
[Site "Chess.com"]
[Date "2020.10.06"]
[Round "7"]
[White "emiliocordova"]
[Black "MITerryble"]
[Result "1-0"]
[WhiteElo "2798"]
[BlackElo "2941"]
[TimeControl "180+1"]
[EndTime "11:17:23 PDT"]
[Termination "emiliocordova won by resignation"]

1. d4 d5 2. Nf3 Nf6 3. c4 dxc4 4. e3 e6 5. Bxc4 a6 6. a4 c5 7. O-O Nc6 8. Qe2 Be7 9. Rd1 O-O 10. Nc3 Qc7 11. h3 Rd8 12. d5 exd5 13. Nxd5 Nxd5 14. Bxd5 Nb4 15. Bc4 Rxd1+ 16. Qxd1 Bf5 17.
Bd2 Rd8 18. Qb3 Bg6 19. Bxb4 cxb4 20. Bd5 a5 21. e4 Bc5 22. Qc4 Qb6 23. Rf1 Rc8 24.
Kh1 Rf8 25. Ne5 Qd6 26. f4 b6 27. b3 Kh8 28. Bxf7 1-0

[Event "*** SCC Grand Prix: Titled Tuesday Blitz"]
[Site "Chess.com"]
[Date "2020.10.06"]
[Round "7"]
[White "besarquis"]
[Black "kakakz"]
[Result "0-1"]
[WhiteElo "2200"]
[BlackElo "2395"]
[TimeControl "180+1"]
[EndTime "11:17:23 PDT"]
[Termination "kakakz won by resignation"]

1. e4 e6 2. d4 d5 3. Nd2 c5 4.
exd5 Qxd5 5. Ngf3 cxd4 6. Bc4 Qd6 7. O-O Nf6 8. Nb3 Nc6 9. Nbxd4 Nxd4 10. Nxd4 a6 11.
c3 Qc7 12. Bb3 Bd6 13. h3 O-O 14. Re1 e5 15. Nf3 Bf5 16. Bg5 Ne4 17. Be3 Rad8 18. Qe2 Nc5 19. Bc2 Bxc2 20. Qxc2 e4 21. Nd2 Nd3 22.
Rf1 f5 23. Bd4 Kh8 24. a4 Bh2+ 25. Kh1 Rxd4 26. Qb3 Rd7 0-1

[Event "*** SCC Grand Prix: Titled Tuesday Blitz"]
[Site "Chess.com"]
[Date "2020.10.06"]
[Round "7"]
[White "flexova"]
[Black "MarceloPlaya"]
[Result "0-1"]
[WhiteElo "2345"]
[BlackElo "2270"]
[TimeControl "180+1"]
[EndTime "11:17:25 PDT"]
[Termination "MarceloPlaya won by resignation"]

1. e4 e6 2. d4 d5 3. Bd3 c5 4.
exd5 exd5 5. Nf3 Nf6 6. O-O Be7 7.
dxc5 O-O 8. b4 Bg4 9. h3 Bh5 10. Nbd2 Nc6 11. c3 a5 12. Qb3 d4 13. b5 dxc3 14.
bxc6 cxd2 15. Bxd2 Bxf3 16. gxf3 bxc6 17. Rad1 Bxc5 18.
Bg5 Bd4 19. Qc2 h6 20. Bh4 Qd6 21. Be4 g5 22. Qxc6 Qe5 23. Bg3 Qxg3+ 0-1

[Event "*** SCC Grand Prix: Titled Tuesday Blitz"]
[Site "Chess.com"]
[Date "2020.10.06"]
[Round "7"]
[White "tdf98pantani"]
[Black "Shield12"]
[Result "0-1"]
[WhiteElo "2720"]
[BlackElo "2848"]
[TimeControl "180+1"]
[EndTime "11:17:29 PDT"]
[Termination "Shield12 won by resignation"]

1. e4 c5 2. Nf3 d6 3. Bc4 Nf6 4. d3 Nc6 5. O-O g6 6. c3 Bg7 7. Nbd2 O-O 8. a4 b6 9. Bb3 Bb7 10. Re1 Rc8 11. d4 cxd4 12. Nxd4 Ne5 13. Qe2 Qc7 14.
f4 Nc6 15. N4f3 Nd7 16. Bc4 Nc5 17. Qf2 Na5 18. Bf1 Nab3 19. Nxb3 Nxb3 20. Rb1 Bc6 21.
Qh4 Bxa4 22. f5 Nxc1 23. Rbxc1 Bd7 24. Bd3 b5 25. Rf1 Qc5+ 26. Kh1 Qe3 27. Bb1 b4 28. fxg6 fxg6 29. Ng5 h6 30. Ba2+ Kh8 31. Nf7+ Kh7 32. Qxe7 Bb5 33. Rfe1 Qf2 34. Nxd6 Bf1 0-1

[Event "*** SCC Grand Prix: Titled Tuesday Blitz"]
[Site "Chess.com"]
[Date "2020.10.06"]
[Round "7"]
[White "gumimis"]
[Black "Tenamu"]
[Result "0-1"]
[WhiteElo "2249"]
[BlackElo "2373"]
[TimeControl "180+1"]
[EndTime "11:17:32 PDT"]
[Termination "Tenamu won by checkmate"]

1. e4 e6 2. d4 d5 3. Nc3 Nf6 4. e5 Nfd7 5. f4 c5 6. Nf3 Nc6 7. Be3 Qb6 8. Na4 Qa5+ 9. c3 b6 10. Be2 Ba6 11. Bxa6 Qxa6 12. Kf2 Be7 13. b3 O-O 14. g4 f6 15. Kg2 fxe5 16. fxe5 Rf7 17. Ng5 Bxg5 18. Bxg5 Raf8 19. Be3 Ndxe5 20. dxe5 Nxe5 21.
h3 Rf3 22. Re1 Qb7 23. Kh2 d4 24. Bg1 Rf2+ 25. Bxf2 Rxf2+ 26. Kg3 Qg2+ 27. Kh4 Ng6+ 28. Kg5 h6+ 29. Kxg6 Rf6+ 30. Kh5 Qxh3# 0-1

[Event "*** SCC Grand Prix: Titled Tuesday Blitz"]
[Site "Chess.com"]
[Date "2020.10.06"]
[Round "7"]
[White "Deepweb2020"]
[Black "nelsoncopa"]
[Result "1-0"]
[WhiteElo "2226"]
[BlackElo "1663"]
[TimeControl "180+1"]
[EndTime "11:17:34 PDT"]
[Termination "Deepweb2020 won on time"]

1. d4 d6 2. c4 Nf6 3. Nf3 Nbd7 4. g3 e5 5. Bg2 Be7 6. O-O O-O 7. b3 c6 8. Bb2 Qc7 9. Nc3 Re8 10. e4 Bf8 11. d5 a5 12. Rc1 cxd5 13. cxd5 Qb8 14.
Nb5 Rd8 15. Ba3 b6 16. Bxd6 Bxd6 17. Nxd6 Qxd6 18. Nh4 g6 19. f4 exf4 20. gxf4 Bb7 21. e5 Nxe5 22. fxe5 Qxe5 23. Qf3 Nh5 24. Qxf7+ Kh8 25.
Qxb7 Rf8 26. Nf3 Qe3+ 27. Kh1 Nf4 28. Rc7 1-0